 Dungeon Crawl Stone Soup version 0.20.0-15-g7f486f2 (console) character file.

80383 bli the Geomancer (level 15, -5/111 HPs)
             Began as a Grey Draconian Earth Elementalist on June 4, 2017.
             Was a High Priest of Hepliaklqana.
             Killed from afar by a merfolk aquamancer (34 damage)
             ... with a ball of steam
             ... on level 3 of the Shoals on June 11, 2017.
             The game lasted 04:07:30 (22978 turns).

bli the Geomancer (DrEE)                           Turns: 22978, Time: 04:07:31

Health: -5/111     AC: 18    Str: 10    XL:     15   Next: 23%
Magic:  31/32      EV: 18    Int: 20    God:    Hepliaklqana [*****.]
Gold:   1469       SH:  0    Dex: 18    Spells: 14/40 levels left

rFire    . . .     SeeInvis .   a - +6 rapier {pierce, rC+ Dex+4}
rCold    + . .     Gourm    .   (no shield)
rNeg     . . .     Faith    .   (armour unavailable)
rPois    .         Spirit   .   (helmet restricted)
rElec    .         Reflect  .   G - scarf {cloud immunity}
rCorr    .         Harm     +   J - +0 pair of gloves
MR       +++..                  M - +2 pair of boots
Stlth    ++++......             e - amulet of harm
Regen    0.3/turn               D - ring of protection from magic
MPRegen  0.3/turn               C - ring of protection from magic

@: very slow
A: walk through water, unfitting armour, reduced essence, horns 1, stinger 1,
unbreathing, cold-blooded, AC +14
a: Recall Ancestor, Ancestor Identity, Transference, Idealise, Renounce Religion


You were on level 3 of the Shoals.
You worshipped Hepliaklqana.
Hepliaklqana was extremely pleased with you.
You were not hungry.

You visited 5 branches of the dungeon, and saw 22 of its levels.
You also visited: Volcano.

You collected 1569 gold pieces.
You spent 100 gold pieces at shops.

Inventory:

Hand Weapons
 a - the +6 rapier "Woonovam" (weapon) {pierce, rC+ Dex+4}
   (You found it on level 2 of the Lair of Beasts)

   It inflicts extra damage upon your enemies.
   It affects your dexterity (+4).
   It protects you from cold.
 b - a +1 demon blade of flaming
Missiles
 L - 480 stones (quivered)
Armour
 G - a scarf of cloud immunity (worn)
 J - a +0 pair of gloves (worn)
 M - a +2 pair of boots (worn)
Jewellery
 e - an amulet of harm (around neck)
 h - an uncursed ring of fire
 k - an uncursed ring of fire
 s - an uncursed ring of positive energy
 C - a ring of protection from magic (right hand)
 D - a ring of protection from magic (left hand)
 I - an uncursed ring of ice
 U - a +5 ring of protection
 X - an uncursed ring of resist corrosion
Wands
 l - a wand of acid (3/15)
 m - a wand of iceblast (6/15)
 t - a wand of polymorph (10/24)
 u - a wand of lightning (0/15)
 x - a wand of enslavement (18/24)
 Q - a wand of digging (7/24)
 S - a wand of clouds (1/9)
 V - a wand of confusion (15/48)
 Y - a wand of polymorph (8/24)
 Z - a wand of lightning (6/15)
Scrolls
 f - a scroll of acquirement {unknown}
 g - a scroll of blinking
 o - 6 scrolls of enchant weapon {unknown}
 w - 4 scrolls of magic mapping {unknown}
 y - 16 scrolls of teleportation
 B - a scroll of summoning {unknown}
 F - a scroll of immolation
 H - 3 scrolls of fear
 N - 4 scrolls of fog {unknown}
 T - 9 scrolls of remove curse
 W - a scroll of vulnerability
Potions
 c - a potion of berserk rage
 d - a potion of degeneration {unknown}
 i - 10 potions of heal wounds
 j - a potion of haste
 n - 5 potions of lignification {unknown}
 p - 6 potions of might {unknown}
 r - 3 potions of brilliance
 v - 2 potions of flight
 A - a potion of cancellation
 E - 7 potions of curing
 K - 3 potions of resistance
 O - 3 potions of agility
 R - a potion of ambrosia
Miscellaneous
 P - a crystal ball of energy
Comestibles
 q - 12 royal jellies
 z - 9 meat rations


   Skills:
 + Level 9.3 Fighting
 * Level 8.3(8.4) Short Blades
 + Level 1.0(5.2) Long Blades
   Level 4.7 Staves
 + Level 7.5 Dodging
 + Level 9.1 Stealth
 + Level 3.0 Unarmed Combat
 + Level 13.2 Spellcasting
 - Level 5.0 Conjurations
 - Level 6.0 Transmutations
 * Level 14.4 Earth Magic
 + Level 2.8 Invocations
 + Level 2.3 Evocations


You had 14 spell levels left.
You knew the following spells:

 Your Spells              Type           Power        Failure   Level  Hunger
a - Stone Arrow           Conj/Erth      ######       1%          3    None
b - Sandblast             Erth           ######       0%          1    None
i - Iron Shot             Conj/Erth      ######....   14%         6    #####..
m - Bolt of Magma         Conj/Fire/Erth #####.....   10%         5    ####...
D - Lee's Rapid Deconstr  Erth           ######....   1%          5    ####...
P - Petrify               Tmut/Erth      ######..     1%          4    None
W - Passwall              Tmut/Erth      ######....   1%          2    None


Dungeon Overview and Level Annotations

Branches:
Dungeon (12/15)            Temple (1/1) D:6            Lair (5/6) D:10
 Shoals (3/4) Lair:2       Spider (0/4) Lair:2          Orc (1/2) D:11
  Slime: Lair:5-6

Altars:
Ashenzari
Cheibriados
Dithmenos
Fedhas
Gozag
Hepliaklqana
Kikubaaqudgha
Makhleb
Okawaru
Ru
Uskayaw
Vehumet
Xom
Yredelemnul
Zin
The Shining One

Shops:
D:4 ?   Shoals:1 *


Innate Abilities, Weirdness & Mutations

You can walk through water.
Your dull iron-grey scales are very hard. (AC +14)
You cannot fit into any form of body armour.
You can survive without breathing.
You are cold-blooded and may be slowed by cold attacks.
Your life essence is reduced. (-10% HP)
You have a pair of small horns on your head.
Your tail ends in a poisonous barb.


Message History

Marzanna hits the merfolk impaler with a quarterstaff!
The merfolk impaler misses you.
The merfolk impaler hits you with a trident of freezing.
A manticore and a water elemental come into view.
You miss the merfolk impaler.
The merfolk impaler is lightly wounded.
Marzanna gestures at the merfolk impaler while chanting.
The stone arrow hits the merfolk impaler.
The merfolk aquamancer casts a spell at you.
The torrent of water misses you.
The wave splashes down.
The merfolk impaler hits you but does no damage.
You hear a shout!
You hear an angry hiss.
You hear a shout! x3; You hear a screech!
You hear a shout!
You hear a screech!
You hear an angry hiss. x2
The merfolk impaler hits you from afar with a trident of freezing.
Marzanna closely misses the merfolk impaler.
The merfolk impaler hits you from afar with a trident of freezing!!
* * * LOW HITPOINT WARNING * * *
The merfolk aquamancer points at you and mumbles some strange words.
The ball of steam hits you!
You die...

≈≈≈≈≈≈≈≈≈≈≈≈≈≈≈≈≈≈PPPP..#
≈≈≈≈≈≈≈≈≈≈≈≈≈≈≈P≈.#
≈≈≈≈≈≈≈≈≈≈≈≈≈≈PP≈≈..
≈≈≈≈≈≈≈≈≈≈≈≈≈P≈PP....
≈≈≈≈≈≈≈≈≈≈≈≈≈PPP.P.P.
≈≈≈≈≈≈P≈P≈≈≈≈≈≈..#...
≈≈≈≈≈≈≈≈≈≈≈≈≈P≈.##
≈≈≈≈P≈.≈≈PP≈≈≈≈≈.#
≈≈≈≈.P..P≈≈≈≈≈≈≈≈.
≈≈≈≈PPPP.P≈≈E≈≈≈≈≈
≈≈≈PP###≈@§§≈m≈≈≈≈
≈≈≈P>###$≈≈m≈≈≈≈≈≈
≈≈≈.>.PP≈≈Rm≈≈≈≈≈≈ .
≈≈≈≈PPP≈≈§§≈≈≈≈≈≈≈
≈≈≈≈≈≈≈≈≈§§≈§≈H≈≈≈ .≈≈
≈≈≈≈≈≈≈≈§§≈§≈≈≈≈≈ ....
≈≈≈≈≈≈≈≈≈≈≈≈c≈≈≈≈ #....
≈≈≈≈≈≈≈≈≈≈≈≈≈≈≈≈≈ .....
≈≈≈≈≈≈≈≈≈≈≈≈≈≈≈.. ≈≈≈..
≈≈≈≈≈≈≈≈≈≈≈≈≈.. ≈≈≈..


You could see the friendly Marzanna the battlemage, a merfolk impaler, a merfolk
aquamancer, a faun, a manticore and a water elemental.

Vanquished Creatures
  Azrael (D:12)
  2 merfolk impalers (Shoals:1)
  3 hydras
  6 two-headed ogres
  2 merfolk avatars
  An alligator snapping turtle (Shoals:1)
  3 death yaks
  4 sea snakes (Shoals:1)
  2 manticores
  A salamander (Volcano)
  6 fauns
  A cyclops (D:12)
  7 elephants
  The ghost of salade2fruit the Changer, a novice BaTm of Cheibriados (D:7)
  4 merfolk sirens
  A black mamba (Lair:5)
  A water nymph (Shoals:3)
  A centaur zombie (D:12)
  4 spiny frogs
  A torpor snail (Lair:5)
  2 rime drakes
  3 komodo dragons
  An efreet (D:12)
  A wind drake (Shoals:1)
  7 merfolk
  Grinder (D:3)
  Prince Ribbit (D:6)
  A blink frog (Lair:3)
  3 hippogriffs
  A slime creature (D:12)
  6 snapping turtles
  2 wraiths (Shoals:1)
  A water elemental (Shoals:2)
  3 fire elementals (D:12)
  3 wyverns
  A human (D:8)
  3 hogs (D:8)
  23 yaks
  2 basilisks
  The ghost of Rekenzichi the Poker, an amateur DrGl (D:4)
  Menkaure (D:6)
  2 fire bats (Volcano)
  2 steam dragons (D:11)
  A hungry ghost (D:9)
  2 vampire mosquitoes (D:12)
  8 water moccasins
  A hell hound (D:12)
  5 porcupines
  3 orc warriors
  3 sky beasts
  2 ice beasts (D:7)
  2 phantoms
  A necrophage (D:10)
  6 centaurs
  4 ogres
  9 crocodiles
  3 big kobolds
  15 bullfrogs
  A wyvern zombie (D:9)
  A battlemage (D:12)
  2 scorpions (D:7)
  6 killer bees
  4 wights
  A howler monkey (D:8)
  3 crimson imps
  2 bullfrog zombies
  2 jellies
  6 orc priests
  5 hounds
  8 orc wizards
  A bullfrog skeleton (D:6)
  2 iguanas
  8 worker ants
  3 hound zombies
  2 hound skeletons
  A worker ant zombie (D:7)
  7 gnolls
  9 adders
  A howler monkey skeleton (D:7)
  3 shadow imps
  2 oozes
  2 adder zombies
  An adder skeleton (D:4)
  2 worms
  4 dart slugs
  4 leopard geckos
  49 orcs
  4 ball pythons
  4 giant cockroaches
  6 goblins
  5 hobgoblins
  3 jackals (D:2)
  25 kobolds
  4 quokkas
  9 bats
  A frilled lizard (D:1)
  2 leopard gecko skeletons
  2 quokka skeletons (D:4)
  7 rats
  A butterfly (Lair:1)
  A plant (Volcano)
404 creatures vanquished.

Vanquished Creatures (collateral kills)
  Josephine (Shoals:1)
  A fire dragon (Volcano)
  Fannar (Lair:2)
  A centaur warrior (D:9)
  A merfolk aquamancer (Shoals:2)
  A two-headed ogre (Volcano)
  A merfolk avatar (Shoals:1)
  4 death yaks
  Sonja (Lair:2)
  The ghost of Bareth the Carver, a novice HOFi of Beogh (D:6)
  A sea snake (Shoals:3)
  An unseen horror (D:10)
  An ugly thing (D:11)
  2 manticores (Shoals:1)
  A faun (Shoals:1)
  2 salamanders (Volcano)
  A black mamba (Lair:2)
  A water nymph (Shoals:2)
  7 elephants (Lair:4)
  A torpor snail (Lair:3)
  Psyche (D:10)
  3 spiny frogs
  A rime drake (Lair:2)
  6 komodo dragons
  3 merfolk
  3 blink frogs (Lair:3)
  A snapping turtle (Shoals:2)
  4 hippogriffs
  3 water elementals
  2 wraiths
  12 yaks
  2 fire bats (Volcano)
  5 wyverns
  2 fire elementals (D:12)
  A steam dragon (D:11)
  A hungry ghost (D:9)
  2 vampire mosquitoes (D:12)
  A hell hound (D:12)
  3 porcupines
  5 orc warriors
  A hornet zombie (D:12)
  An eye of draining (D:11)
  An ice beast (D:10)
  2 ogres
  3 centaurs
  8 crocodiles
  4 bullfrogs
  A howler monkey (D:8)
  4 wights
  A jelly (D:10)
  A bullfrog zombie (D:9)
  An orc priest (D:12)
  3 hounds
  2 centaur skeletons (D:9)
  2 orc wizards
  3 worker ants
  3 gnolls
  An adder (D:8)
  8 orcs
  A jackal (D:9)
  2 kobolds (D:10)
  3 quokkas
  A bush (Lair:1)
  2 plants
151 creatures vanquished.

Vanquished Creatures (others)
  A wyvern (Volcano)
  3 steam dragons (Volcano)
  11 battlemagi
  3 ancestors
  A bush (Lair:3)
  8 fungi
  23 plants
50 creatures vanquished.

Grand Total: 605 creatures vanquished

Notes
Turn   | Place    | Note
-------+----------+-------------------------------------------
     0 | D:1      | bli the Draconian Earth Elementalist began the quest for the Orb.
     0 | D:1      | Reached XP level 1. HP: 14/14 MP: 3/3
   177 | D:1      | Reached XP level 2. HP: 17/20 MP: 3/5
   608 | D:1      | Reached XP level 3. HP: 26/26 MP: 6/6
  1449 | D:3      | Found a hide-covered altar of Uskayaw.
  1449 | D:3      | Noticed a hand axe
  1449 | D:3      | Noticed a hand axe
  1454 | D:3      | Found a transporter.
  1478 | D:3      | Reached skill level 1 in Unarmed Combat
  1548 | D:3      | Reached XP level 4. HP: 21/34 MP: 5/8
  1558 | D:3      | Found a transporter.
  1591 | D:3      | Learned a level 3 spell: Stone Arrow
  1658 | D:3      | Found a faded altar of an unknown god.
  1662 | D:3      | Became a worshipper of the Shining One
  1662 | D:3      | Reached * piety under the Shining One
  1932 | D:3      | Reached XP level 5. HP: 37/39 MP: 7/10
  2135 | D:3      | Noticed Grinder
  2150 | D:3      | Paralysed by Grinder for 2 turns
  2160 | D:3      | Killed Grinder
  2160 | D:3      | Reached skill level 1 in Fighting
  2160 | D:3      | Reached skill level 4 in Earth Magic
  2160 | D:3      | Reached XP level 6. HP: 44/47 MP: 1/12
  2167 | D:3      | Learned a level 5 spell: Lee's Rapid Deconstruction
  2276 | D:4      | Noticed Rekenzichi's ghost (amateur DrGl)
  2444 | D:4      | Found Siphi's Magic Scroll Emporium.
  2518 | D:4      | Bought 3 scrolls of identify for 60 gold pieces
  2518 | D:4      | Bought a scroll of teleportation for 30 gold pieces
  2518 | D:4      | Bought a scroll of noise for 10 gold pieces
  2642 | D:4      | Found a hazy altar of Hepliaklqana.
  2649 | D:4      | Found an ancient bone altar of Kikubaaqudgha.
  2649 | D:4      | Found a snail-covered altar of Cheibriados.
  2649 | D:4      | Found a basalt altar of Yredelemnul.
  2658 | D:4      | Found an iron altar of Okawaru.
  2659 | D:4      | Found a shadowy altar of Dithmenos.
  2669 | D:4      | Fell from the grace of the Shining One
  2669 | D:4      | Became a worshipper of Hepliaklqana the Forgotten
  2724 | D:4      | Killed Rekenzichi's ghost
  2724 | D:4      | Reached skill level 5 in Spellcasting
  2724 | D:4      | Your scales start taking on a dull iron-grey colour.
  2724 | D:4      | Reached skill level 5 in Earth Magic
  2724 | D:4      | Reached XP level 7. HP: 39/46 MP: 5/14
  2724 | D:4      | Gained mutation: You can survive without breathing. [Grey Draconian growth]
  2737 | D:4      | Found a glowing golden altar of the Shining One.
  2835 | D:4      | Found a radiant altar of Vehumet.
  2970 | D:5      | Entered Level 5 of the Dungeon
  3063 | D:5      | Reached skill level 6 in Earth Magic
  3289 | D:5      | Reached skill level 1 in Conjurations
  3661 | D:6      | Reached XP level 8. HP: 53/54 MP: 8/16
  3840 | D:6      | Reached skill level 7 in Earth Magic
  3893 | D:6      | Noticed Bareth's ghost (novice HOFi)
  4020 | D:6      | Reached skill level 1 in Staves
  4195 | D:7      | Learned a level 4 spell: Petrify
  4234 | D:7      | Reached * piety under Hepliaklqana
  4483 | D:6      | Found a staircase to the Ecumenical Temple.
  4496 | D:6      | Reached skill level 8 in Earth Magic
  4508 | Temple   | Entered the Ecumenical Temple
  4741 | D:6      | Noticed Prince Ribbit
  4745 | D:6      | Noticed Menkaure
  4752 | D:6      | Killed Prince Ribbit
  4752 | D:6      | Reached XP level 9. HP: 32/62 MP: 10/20
  4753 | D:6      | Killed Menkaure
  5511 | D:7      | Noticed salade2fruit's ghost (novice BaTm)
  5527 | D:7      | Killed salade2fruit's ghost
  5676 | D:8      | Noticed a two-headed ogre
  5710 | D:8      | Killed a two-headed ogre
  5710 | D:8      | Reached skill level 9 in Earth Magic
  5833 | D:8      | Noticed a two-headed ogre
  6087 | D:7      | Reached XP level 10. HP: 65/70 MP: 23/23
  6489 | D:8      | Found a shattered altar of Ashenzari.
  6651 | D:8      | Found a sacrificial altar of Ru.
  6651 | D:8      | Noticed a two-headed ogre
  6658 | D:8      | Killed a two-headed ogre
  6658 | D:8      | Reached skill level 10 in Earth Magic
  6666 | D:8      | Reached skill level 10 in Spellcasting
  6771 | D:8      | Reached ** piety under Hepliaklqana
  6772 | D:8      | Remembered your ancestor Marzanna as a battlemage
  6975 | D:8      | Killed a two-headed ogre
  7383 | D:9      | Reached skill level 5 in Fighting
  7418 | D:9      | Noticed a centaur warrior
  7424 | D:9      | Killed a centaur warrior
  7424 | D:9      | Reached XP level 11. HP: 42/77 MP: 2/26
  7694 | D:9      | Found a shimmering altar of Xom.
  7758 | D:9      | Reached skill level 11 in Earth Magic
  8409 | D:9      | Found an opulent altar of Gozag.
  8410 | D:9      | Found a glowing silver altar of Zin.
  8611 | D:10     | Entered Level 10 of the Dungeon
  8630 | D:10     | Noticed a death yak
  8895 | D:10     | Found a staircase to the Lair.
  8913 | D:10     | Reached *** piety under Hepliaklqana
  9194 | D:10     | Killed an unseen horror
  9208 | D:10     | Killed a death yak
  9337 | D:10     | Noticed Psyche
  9348 | D:10     | Killed Psyche
  9910 | Lair:1   | Entered Level 1 of the Lair of Beasts
  9942 | Lair:1   | Reached skill level 12 in Earth Magic
  9942 | Lair:1   | Reached XP level 12. HP: 90/90 MP: 25/28
  9944 | Lair:1   | Gained mutation: You have a pair of small horns on your head. [potion of mutation]
  9944 | Lair:1   | Gained mutation: Your tail ends in a poisonous barb. [potion of mutation]
  9987 | Lair:1   | Upgraded the game from 0.20.0-10-g0535bb4 to 0.20.0-15-g7f486f2
 10255 | Lair:1   | Reached **** piety under Hepliaklqana
 10747 | Lair:1   | Noticed a six-headed hydra
 10756 | Lair:1   | Killed a six-headed hydra
 11353 | D:6      | Killed Bareth's ghost
 11402 | Temple   | Learned a level 2 spell: Passwall
 11612 | Lair:2   | Reached skill level 5 in Dodging
 11699 | Lair:2   | Found a staircase to the Shoals.
 11798 | Lair:2   | Noticed a five-headed hydra
 11867 | Lair:2   | Killed a five-headed hydra
 11867 | Lair:2   | Reached XP level 13. HP: 90/94 MP: 2/29
 11962 | Lair:2   | Noticed Sonja
 11968 | Lair:2   | Killed Sonja
 12007 | Lair:2   | Found a hole to the Spider Nest.
 12027 | Lair:2   | Noticed Fannar
 12038 | Lair:2   | Killed Fannar
 12116 | Lair:2   | Found a dark tunnel.
 12139 | Volcano  | Entered a volcano
 12190 | Volcano  | Reached ***** piety under Hepliaklqana
 12614 | Volcano  | Reached skill level 5 in Stealth
 12620 | Volcano  | Noticed a fire dragon
 12635 | Volcano  | Killed a fire dragon
 13060 | Lair:2   | Got a crude rapier
 13080 | Lair:2   | Identified the +6 rapier "Woonovam" {pierce, rC+ Dex+4} (You found it on level 2 of the Lair of Beasts)
 13684 | Lair:3   | Reached skill level 1 in Short Blades
 13703 | Lair:3   | Reached skill level 13 in Earth Magic
 15081 | D:11     | Found a staircase to the Orcish Mines.
 15357 | Orc:1    | Entered Level 1 of the Orcish Mines
 15357 | Orc:1    | Noticed an orc warlord
 15664 | D:12     | Noticed Azrael
 16160 | D:12     | Killed Azrael
 16225 | D:12     | Reached skill level 5 in Short Blades
 16616 | D:12     | Reached XP level 14. HP: 71/104 MP: 31/31
 18432 | Lair:5   | Reached skill level 1 in Long Blades
 18923 | Lair:5   | Reached skill level 5 in Conjurations
 19919 | Shoals:1 | Entered Level 1 of the Shoals
 20340 | Shoals:1 | Reached skill level 5 in Transmutations
 20604 | Shoals:1 | Reached skill level 14 in Earth Magic
 20609 | Shoals:1 | Noticed Josephine
 20633 | Shoals:1 | Killed Josephine
 21100 | Shoals:1 | Found Gizxaxisch's Assorted Antiques.
 21402 | Shoals:1 | Reached XP level 15. HP: 66/111 MP: 2/32
 22872 | Shoals:3 | Learned a level 6 spell: Iron Shot
 22878 | Shoals:3 | Learned a level 5 spell: Bolt of Magma
 22978 | Shoals:3 | Killed from afar by a merfolk aquamancer

Skill      XL: |  1  2  3  4  5  6  7  8  9 10 11 12 13 14 15 |
---------------+----------------------------------------------+-----
Dodging        | 2 3 4 5 7 |  7.5
Unarmed Combat | 1 2 3 |  3.0
Spellcasting   | 3 4 5 7 9 11 12 13 | 13.2
Fighting       | 1 3 5 7 8 9 |  9.3
Earth Magic    | 4 5 6 8 9 10 12 13 14 | 14.4
Conjurations   | 1 2 3 4 5 |  5.0
Stealth        | 2 3 4 6 8 9 |  9.1
Staves         | 1 2 3 4 |  4.7
Transmutations | 2 3 6 |  6.0
Invocations    | 2 |  2.8
Evocations     | 2 |  2.3
Short Blades   | 5 7 8 |  8.3
Long Blades    | 1 |  1.0

Action                   |  1- 3 |  4- 6 |  7- 9 | 10-12 | 13-15 || total
-------------------------+-------+-------+-------+-------+-------++-------
Melee: Unarmed           |   207 |    51 |     1 |       |       ||   259
       Tailslap          |    15 |     4 |     9 |    16 |    84 ||   128
       Quarterstaff      |       |       |    85 |   117 |    51 ||   253
       Headbutt          |       |       |       |    11 |   107 ||   118
       Rapier            |       |       |       |       |   396 ||   396
       Punch             |       |       |       |       |    12 ||    12
       Demon blade       |       |       |       |       |    12 ||    12
 Cast: Sandblast         |    33 |    58 |    64 |    54 |    46 ||   255
       Stone Arrow       |       |     1 |    51 |   109 |    86 ||   247
       Lee's Rapid Decon |       |       |    12 |    32 |    47 ||    91
       Petrify           |       |       |       |     4 |   127 ||   131
Invok: Recall Ancestor   |       |       |     1 |       |     1 ||     2
       Ancestor Life: Ba |       |       |       |     1 |       ||     1
       Ancestor Identity |       |       |       |     1 |       ||     1
       Idealise          |       |       |       |     1 |     2 ||     3
       Transference      |       |       |       |       |     2 ||     2
Evoke: Wand              |       |       |     6 |     2 |     4 ||    12
       Crystal ball of e |       |       |       |       |     2 ||     2
  Use: Scroll            |       |     2 |     3 |    14 |     5 ||    24
       Potion            |       |       |       |     2 |     1 ||     3
 Stab: Sleeping          |     3 |       |     4 |     1 |    15 ||    23
       Petrified         |       |       |       |     2 |    67 ||    69
       Petrifying        |       |       |       |     1 |    19 ||    20
       Distracted        |       |       |       |       |     9 ||     9
  Eat: Chunk             |     2 |     5 |    13 |    11 |    24 ||    55
       Meat ration       |       |       |     1 |     2 |     2 ||     5
       Fruit             |       |       |       |       |     2 ||     2
       Bread ration      |       |       |       |       |     2 ||     2
Armor: Skin              |    91 |    19 |    43 |    66 |   142 ||   361
Dodge: Dodged            |   152 |    60 |    94 |   106 |   289 ||   701
       Rpst.: Demon blade |       |       |       |       |     3 ||     3
